 Dungeon Crawl Stone Soup version 0.16-a0-3300-g0332368 (webtiles) character file.

54 Kemay the Insei (level 3, -7/23 HPs)
             Began as an Octopode Transmuter on Dec 25, 2014.
             Mangled by a gnoll (13 damage)
             ... on level 2 of the Dungeon.
             The game lasted 00:04:46 (1504 turns).

Kemay the Insei (Octopode Transmuter)               Turns: 1504, Time: 00:04:50

Health: -7/23      AC:  1    Str:  9    XL:     3   Next: 91%
Magic:  5/6        EV: 13    Int: 16    God:
Gold:   84         SH:  0    Dex: 12    Spells: 1 memorised, 5 levels left

rFire  . . .     SeeInvis .       - Unarmed
rCold  . . .     Clarity  .     (no shield)
rNeg   . . .     SustAb   .     (helmet restricted)
rPois  .         Gourm    .     (no amulet)
rElec  .         Spirit   .     (no ring)
rCorr  .         Warding  .     (no ring)
rMut   .         Stasis   .     (no ring)
MR     .....                    (no ring)
Stlth  ++........               (no ring)
                                (no ring)
                                (no ring)
                                (no ring)

@: appendage (expiring), very slightly contaminated, not resistant to hostile
enchantments, unstealthy
A: almost no armour, amphibious, 8 rings, constrict 8, tentacle spike 3,
camouflage 1, gelatinous body 1
a: End Transformation


You were on level 2 of the Dungeon.
You were not hungry.
One of your tentacles had a temporary spike.
You visited 1 branch of the dungeon, and saw 2 of its levels.

You collected 84 gold pieces.

Inventory:

Magical devices
 c - a wand of fireball (4)
Potions
 e - a potion of curing {unknown}
Books
 d - a book of Changes

   Spells                             Type                      Level
   a - Beastly Appendage              Transmutation                1
   b - Sticks to Snakes               Transmutation                2
   c - Spider Form                    Transmutation/Poison         3
   d - Ice Form                       Ice/Transmutation            4
   e - Blade Hands                    Transmutation                5
Comestibles
 a - a bread ration
 b - a chunk of flesh


   Skills:
 - Level 1.0 Fighting
 + Level 3.0 Dodging
 + Level 4.0 Unarmed Combat
 - Level 2.0 Spellcasting
 - Level 2.0 Transmutations


You had 5 spell levels left.
You knew the following spells:

 Your Spells              Type           Power        Failure   Level  Hunger
a - Beastly Appendage     Trmt           #.....       10%         1    #......


Dungeon Overview and Level Annotations

Branches:
Dungeon (2/15)

Altars:
Nemelex Xobeh


Innate Abilities, Weirdness & Mutations

You cannot wear most types of armour.
You are amphibious.
You can wear up to eight rings at the same time.
You can use your tentacles to constrict many enemies at once.
Your skin changes colour to match your surroundings (Stealth).
Your rubbery body absorbs attacks (AC +1).
One of your tentacles bears a large vicious spike.


Message History

You tentacle-slap the gnoll.
You kill the gnoll!
Your Dodging skill increases to level 3!
The gnoll drinks a potion.
The gnoll seems to grow stronger.
Your transformation is almost over.
The gnoll barely misses you.
Things that are here:
a spear; a gnoll corpse You barely miss the gnoll.
You grab the gnoll.
You constrict the gnoll, but do no damage.
The gnoll hits you!
A gnoll comes into view. It is wielding a spear.
You tentacle-slap the gnoll.
The gnoll is moderately wounded.
You constrict the gnoll, but do no damage.
The gnoll hits you from afar with a spear.
* * * LOW HITPOINT WARNING * * *
The gnoll hits you!
Ouch! That really hurt!
You die...

##############
#...g@.......#
#######''g########.#
#######...########.#
#§§§§§#...#.§§§§##.#
#§§§§§#.>.#§§§§§##.#
#§§§§§#...#.§§§§##.#
#§§§§§#..g#§§§§§##.#
#§.§§.#...#.§§.§##.#####
#######...########.....#


You could see 2 gnolls.

Vanquished Creatures
  A gnoll (D:2)
  An adder (D:2)
  A giant gecko (D:1)
  A ball python (D:2)
  5 bats (D:1)
  4 hobgoblins
  2 jackals (D:2)
  5 kobolds (D:1)
  A quokka (D:2)
  2 giant cockroaches
  3 giant newts (D:1)
  6 goblins
  3 rats
35 creatures vanquished.

Notes
Turn   | Place    | Note
--------------------------------------------------------------
     0 | D:1      | Kemay, the Octopode Transmuter, began the quest for the Orb.
     0 | D:1      | Reached XP level 1. HP: 13/13 MP: 3/3
     7 | D:1      | Noticed a black mamba
     7 | D:1      | Noticed a black bear
     7 | D:1      | Noticed a redback
     7 | D:1      | Noticed a fire drake
   171 | D:1      | Reached XP level 2. HP: 15/18 MP: 4/4
   693 | D:1      | Reached XP level 3. HP: 23/23 MP: 6/6
  1257 | D:2      | Reached skill level 4 in Unarmed Combat
  1470 | D:2      | Found a sparkling altar of Nemelex Xobeh.
  1504 | D:2      | Mangled by a gnoll

Action                   || total
-------------------------++-------
Melee: Unarmed           ||    87
 Cast: Beastly Appendage ||     2
  Use: Scroll            ||     2
 Stab: Sleeping          ||     3
  Eat: Chunk             ||     2
